PAA
TACOMA FUR TRADERS @ MARQUETTE MINERS
08/23/2034
 
TOP OF THE 1ST
Tacoma Fur Traders batting - Pitching for Marquette Miners : RHP Barry Mullen
Pitching: RHP Barry Mullen
Batting: LHB Vance Corkum 0-0: Called Strike
0-1: Foul Ball, location: 2F
0-2: Ball
1-2: Ball
2-2: Ground out 1-3 (Groundball, 13S)
Batting: RHB Ricardo Sandoval 0-0: Fly out, F8 (Flyball, 89D)
Batting: LHB Keizo Morishita 0-0: Foul Ball, location: 2F
0-1: Ball
1-1: Ball
2-1: Ball
3-1: Swinging Strike
3-2: Base on Balls
Batting: RHB Josh Mawdesley 0-0: Ball
1-0: Foul Ball, location: 2F
1-1: SINGLE (Line Drive, 56D)
Keizo Morishita to second
Batting: RHB Bill Perkins 0-0: Ball
1-0: Swinging Strike
1-1: Foul Ball, location: 2F
1-2: Ball
2-2: Foul Ball, location: 2F
2-2: Ball
3-2: Foul Ball, location: 2F
3-2: DOUBLE (Line Drive, 7LM)
Keizo Morishita scores
Josh Mawdesley to third
Josh Mawdesley scores
Batting: RHB Robin Colwill 0-0: Called Strike
0-1: Ball
1-1: Ball
2-1: Ball
3-1: Foul Ball, location: 2F
3-2: SINGLE (Line Drive, 56)
Bill Perkins to third
Bill Perkins scores
Batting: RHB Michael Palledorous 0-0: Ball
1-0: Ball
2-0: Called Strike
2-1: Ball
3-1: Called Strike
3-2: Fly out, F9 (Flyball, 9S)
Top of the 1st over - 3 runs, 3 hits, 0 errors, 1 left on base; Tacoma 3 - Marquette 0
BOTTOM OF THE 1ST
Marquette Miners batting - Pitching for Tacoma Fur Traders : LHP Ed Hammond
Pitching: LHP Ed Hammond
Batting: RHB Steve Albright 0-0: Bunted foul
0-1: Ball
1-1: Ball
2-1: Ball
3-1: Base on Balls
Batting: RHB Arvi Sutinen 0-0: Ball
1-0: Ball
2-0: Foul Ball, location: 2F
2-1: Called Strike
2-2: Fly out, F7 (Flyball, 7)
Batting: RHB Brock Dean 0-0: Ball
1-0: Called Strike
Steve Albright is caught stealing 2nd base
1-1: Ball
2-1: Ball
3-1: Ground out 6-3 (Groundball, 6)
Bottom of the 1st over - 0 runs, 0 hits, 0 errors, 0 left on base; Tacoma 3 - Marquette 0
TOP OF THE 2ND
Tacoma Fur Traders batting - Pitching for Marquette Miners : RHP Barry Mullen
Batting: RHB Alejandro Aquilera 0-0: Ground out 4-3 (Groundball, 4S)
Batting: RHB Stan Wheeler 0-0: Ball
1-0: Called Strike
1-1: Ball
2-1: Ball
3-1: Foul Ball, location: 2F
3-2: TRIPLE (Flyball, 9LD)
Batting: LHB Vance Corkum 0-0: Ball
1-0: Ball
2-0: Called Strike
2-1: Swinging Strike
2-2: Strikes out swinging
Batting: RHB Ricardo Sandoval 0-0: Called Strike
0-1: Ball
1-1: Ball
2-1: Ground out 6-3 (Groundball, 6)
Top of the 2nd over - 0 runs, 1 hit, 0 errors, 1 left on base; Tacoma 3 - Marquette 0
BOTTOM OF THE 2ND
Marquette Miners batting - Pitching for Tacoma Fur Traders : LHP Ed Hammond
Batting: RHB Sameen Shaw 0-0: Called Strike
0-1: Ball
1-1: Swinging Strike
1-2: Ball
2-2: Foul Ball, location: 2F
2-2: Foul Ball, location: 2F
2-2: Ball
3-2: Strikes out swinging
Batting: LHB Carlos Germán 0-0: Called Strike
0-1: Foul Ball, location: 2F
0-2: Fly out, F5 (Line Drive, 56)
Batting: RHB Eli Cline 0-0: Ball
1-0: Ball
2-0: SINGLE (Groundball, 6MD)
Batting: RHB Mike Elzey 0-0: Ball
1-0: Foul Ball, location: 2F
1-1: Fly out, F7 (Flyball, 78S)
Bottom of the 2nd over - 0 runs, 1 hit, 0 errors, 1 left on base; Tacoma 3 - Marquette 0
TOP OF THE 3RD
Tacoma Fur Traders batting - Pitching for Marquette Miners : RHP Barry Mullen
Batting: LHB Keizo Morishita 0-0: Called Strike
0-1: Fly out, F8 (Flyball, 8RXD)
Batting: RHB Josh Mawdesley 0-0: Called Strike
0-1: Ball
1-1: Foul Ball, location: 2F
1-2: Strikes out swinging
Batting: RHB Bill Perkins 0-0: Ball
1-0: Swinging Strike
1-1: SINGLE (Groundball, 6D)
Batting: RHB Robin Colwill 0-0: Ball
1-0: Foul Ball, location: 2F
1-1: Foul Ball, location: 2F
1-2: Ball
2-2: Fly out, F4 (Popup, 4M)
Top of the 3rd over - 0 runs, 1 hit, 0 errors, 1 left on base; Tacoma 3 - Marquette 0
BOTTOM OF THE 3RD
Marquette Miners batting - Pitching for Tacoma Fur Traders : LHP Ed Hammond
Batting: RHB Vic Funnell 0-0: Called Strike
0-1: Ball
1-1: Swinging Strike
1-2: Fly out, F7 (Flyball, 7)
Batting: RHB Ryan French 0-0: Ball
1-0: Ball
2-0: Ball
3-0: Called Strike
3-1: Foul Ball, location: 2F
3-2: Foul Ball, location: 2F
3-2: Base on Balls
Batting: RHB Steve Albright 0-0: Ball
1-0: Ball
2-0: Foul Ball, location: 2F
2-1: Called Strike
2-2: Ball
3-2: SINGLE (Flyball, 78S)
Ryan French to second
Batting: RHB Arvi Sutinen 0-0: Ball
1-0: SINGLE (Groundball, 25) (infield hit)
Ryan French to third
Steve Albright to second
Batting: RHB Brock Dean 0-0: Ball
1-0: Foul Ball, location: 2F
1-1: Foul Ball, location: 2F
1-2: Fly out, F8 (Flyball, 8LD)
Runner from 3rd tags up, SCORES, throw made
Batting: RHB Sameen Shaw 0-0: Foul Ball, location: 2F
0-1: Ground out 4-3 (Groundball, 4)
Bottom of the 3rd over - 1 run, 2 hits, 0 errors, 2 left on base; Tacoma 3 - Marquette 1
TOP OF THE 4TH
Tacoma Fur Traders batting - Pitching for Marquette Miners : RHP Barry Mullen
Batting: RHB Michael Palledorous 0-0: Swinging Strike
0-1: Swinging Strike
0-2: Ball
1-2: SINGLE (Flyball, 9S)
Batting: RHB Alejandro Aquilera 0-0: Called Strike
0-1: 2-RUN HOME RUN (Flyball, 7LD), Distance : 390 ft
Batting: RHB Stan Wheeler 0-0: SINGLE (Groundball, 6MD)
Pitching: LHP Jet Toner
Batting: LHB Vance Corkum 0-0: Ball
1-0: Foul Ball, location: 2F
1-1: Foul Ball, location: 2F
1-2: SINGLE (Line Drive, 9S)
Stan Wheeler to second
Batting: RHB Ricardo Sandoval 0-0: Ball
1-0: Called Strike
1-1: Called Strike
1-2: Foul Ball, location: 2F
1-2: Strikes out swinging
Batting: LHB Keizo Morishita 0-0: Fielders Choice at 2nd, 4-6 (Groundball, 4)
Stan Wheeler to third
Batting: RHB Josh Mawdesley 0-0: Ball
1-0: Called Strike
1-1: Fly out, F9 (Flyball, 9LM)
Top of the 4th over - 2 runs, 4 hits, 0 errors, 2 left on base; Tacoma 5 - Marquette 1
BOTTOM OF THE 4TH
Marquette Miners batting - Pitching for Tacoma Fur Traders : LHP Ed Hammond
Batting: LHB Carlos Germán 0-0: Called Strike
0-1: Foul Ball, location: 2F
0-2: Ball
1-2: SINGLE (Groundball, 34D)
Batting: RHB Eli Cline 0-0: Called Strike
0-1: Called Strike
0-2: 2-RUN HOME RUN (Flyball, 7D), Distance : 421 ft
Batting: RHB Mike Elzey 0-0: Called Strike
0-1: Fly out, F7 (Line Drive, 78M)
Batting: RHB Vic Funnell 0-0: Ball
1-0: Foul Ball, location: 2F
1-1: Foul Ball, location: 2F
1-2: Foul Ball, location: 2F
1-2: Ball
2-2: Ball
3-2: Fly out, F8 (Flyball, 8RD)
Batting: RHB Ryan French 0-0: Ball
1-0: Called Strike
1-1: Fly out, F8 (Line Drive, 8LXD)
Bottom of the 4th over - 2 runs, 2 hits, 0 errors, 0 left on base; Tacoma 5 - Marquette 3
TOP OF THE 5TH
Tacoma Fur Traders batting - Pitching for Marquette Miners : LHP Jet Toner
Batting: RHB Bill Perkins 0-0: Called Strike
0-1: Ball
1-1: Foul Ball, location: 2F
1-2: Fly out, F5 (Popup, 5L)
Batting: RHB Robin Colwill 0-0: Foul Ball, location: 2F
0-1: Fly out, F7 (Flyball, 78M)
Batting: RHB Michael Palledorous 0-0: Foul Ball, location: 2F
0-1: Swinging Strike
0-2: Ball
1-2: Foul Ball, location: 2F
1-2: Ball
2-2: Ball
3-2: Foul Ball, location: 2F
3-2: Base on Balls
Batting: RHB Alejandro Aquilera 0-0: Ball
1-0: Called Strike
1-1: Fielders Choice at 2nd, 6-4 (Groundball, 6)
Top of the 5th over - 0 runs, 0 hits, 0 errors, 1 left on base; Tacoma 5 - Marquette 3
BOTTOM OF THE 5TH
Marquette Miners batting - Pitching for Tacoma Fur Traders : LHP Ed Hammond
Batting: RHB Steve Albright 0-0: Ball
1-0: Ball
2-0: Foul Ball, location: 2F
2-1: Foul Ball, location: 2F
2-2: Fly out, F4 (Popup, 4MD)
Pitching: RHP Anthony Lang
Batting: RHB Arvi Sutinen 0-0: Foul Ball, location: 2F
0-1: Ball
1-1: Ball
2-1: Ball
3-1: SINGLE (Line Drive, 7LM)
Batting: RHB Brock Dean 0-0: Ball
1-0: Ball
2-0: Ball
3-0: Called Strike
3-1: Base on Balls
Arvi Sutinen to second
Batting: RHB Sameen Shaw 0-0: Called Strike
0-1: Foul Ball, location: 2F
0-2: Ball
1-2: Foul Ball, location: 2F
1-2: Ball
2-2: SINGLE (Flyball, 9S)
Arvi Sutinen to third
Brock Dean to second
Batting: LHB Carlos Germán 0-0: Ball
1-0: Ball
2-0: GRAND SLAM HOME RUN (Flyball, 9LD), Distance : 361 ft
Batting: RHB Eli Cline 0-0: Ball
1-0: Called Strike
1-1: Ball
2-1: Ground out 5-3 (Groundball, 56)
Batting: RHB Mike Elzey 0-0: Ball
1-0: Ball
2-0: Called Strike
2-1: Foul Ball, location: 2F
2-2: SOLO HOME RUN (Flyball, 9LD), Distance : 364 ft
Batting: RHB Vic Funnell 0-0: Ground out 6-3 (Groundball, 6M)
Bottom of the 5th over - 5 runs, 4 hits, 0 errors, 0 left on base; Tacoma 5 - Marquette 8
TOP OF THE 6TH
Tacoma Fur Traders batting - Pitching for Marquette Miners : LHP Jet Toner
Batting: RHB Stan Wheeler 0-0: Called Strike
0-1: SINGLE (Line Drive, 8LS)
Batting: LHB Vance Corkum 0-0: Fly out, F9 (Flyball, 9)
Batting: RHB Ricardo Sandoval 0-0: Ball
1-0: Called Strike
1-1: Fly out, F6 (Popup, P)
Batting: LHB Keizo Morishita 0-0: Ball
1-0: Swinging Strike
1-1: Fly out, F6 (Flyball, 56D)
Top of the 6th over - 0 runs, 1 hit, 0 errors, 1 left on base; Tacoma 5 - Marquette 8
BOTTOM OF THE 6TH
Marquette Miners batting - Pitching for Tacoma Fur Traders : RHP Anthony Lang
Pitching: LHP Abdul Rashad
Batting: RHB Ryan French 0-0: Called Strike
0-1: Ball
1-1: Called Strike
1-2: Ball
2-2: Foul Ball, location: 2F
2-2: Foul Ball, location: 2F
2-2: Ball
3-2: Base on Balls
Batting: RHB Steve Albright 0-0: Called Strike
0-1: Ball
1-1: Swinging Strike
1-2: Ball
2-2: Ball
3-2: DOUBLE (Line Drive, 7LM)
Ryan French to third
Batting: RHB Arvi Sutinen 0-0: Ball
1-0: Ball
2-0: Called Strike
2-1: Called Strike
2-2: Foul Ball, location: 2F
2-2: Fly out, F9 (Flyball, 9)
Runner from 3rd tags up, SCORES, throw made
Batting: RHB Brock Dean 0-0: Foul Ball, location: 2F
0-1: Ball
Steve Albright is caught stealing 3rd base
1-1: Foul Ball, location: 2F
1-2: Ball
2-2: Fly out, F9 (Flyball, 9)
Bottom of the 6th over - 1 run, 1 hit, 0 errors, 0 left on base; Tacoma 5 - Marquette 9
TOP OF THE 7TH
Tacoma Fur Traders batting - Pitching for Marquette Miners : LHP Jet Toner
Batting: RHB Josh Mawdesley 0-0: Ground out 6-3 (Groundball, 6)
Batting: RHB Bill Perkins 0-0: Ball
1-0: Ball
2-0: Ground out 6-3 (Groundball, 6)
Batting: RHB Robin Colwill 0-0: Ball
1-0: Foul Ball, location: 2F
1-1: Ball
2-1: Called Strike
2-2: DOUBLE (Flyball, 78D)
Batting: RHB Michael Palledorous 0-0: Called Strike
0-1: DOUBLE (Line Drive, 89XD)
Robin Colwill scores
Batting: RHB Alejandro Aquilera 0-0: Foul Ball, location: 2F
0-1: Foul Ball, location: 2F
0-2: Ball
1-2: Ball
2-2: Ball
3-2: Foul Ball, location: 2F
3-2: Base on Balls
Batting: RHB Stan Wheeler 0-0: Ball
1-0: Ball
2-0: Ball
3-0: Base on Balls
Michael Palledorous to third
Alejandro Aquilera to second
Batting: LHB Vance Corkum 0-0: Called Strike
0-1: Swinging Strike
0-2: Ball
1-2: Foul Ball, location: 2F
1-2: Strikes out swinging
Top of the 7th over - 1 run, 2 hits, 0 errors, 3 left on base; Tacoma 6 - Marquette 9
BOTTOM OF THE 7TH
Marquette Miners batting - Pitching for Tacoma Fur Traders : LHP Abdul Rashad
Batting: RHB Sameen Shaw 0-0: Called Strike
0-1: Foul Ball, location: 2F
0-2: Ball
1-2: Fly out, F9 (Flyball, 89M)
Batting: LHB Carlos Germán 0-0: Ball
1-0: Swinging Strike
1-1: Ground out 4-3 (Groundball, 4)
Batting: RHB Eli Cline 0-0: Ball
1-0: Ball
2-0: Fly out, F9 (Flyball, 89S)
Bottom of the 7th over - 0 runs, 0 hits, 0 errors, 0 left on base; Tacoma 6 - Marquette 9
TOP OF THE 8TH
Tacoma Fur Traders batting - Pitching for Marquette Miners : LHP Jet Toner
Batting: RHB Ricardo Sandoval 0-0: Foul Ball, location: 2F
0-1: Ball
1-1: Foul Ball, location: 2F
1-2: Strikes out swinging
Batting: LHB Keizo Morishita 0-0: Ball
1-0: Ball
2-0: Fly out, F5 (Line Drive, 5)
Batting: RHB Josh Mawdesley 0-0: Called Strike
0-1: Called Strike
0-2: Ball
1-2: Ball
2-2: Foul Ball, location: 2F
2-2: Strikes out swinging
Top of the 8th over - 0 runs, 0 hits, 0 errors, 0 left on base; Tacoma 6 - Marquette 9
BOTTOM OF THE 8TH
Marquette Miners batting - Pitching for Tacoma Fur Traders : LHP Abdul Rashad
Batting: RHB Mike Elzey 0-0: Ball
1-0: Foul Ball, location: 2F
1-1: Called Strike
1-2: Ball
2-2: Strikes out looking
Batting: RHB Vic Funnell 0-0: Called Strike
0-1: Swinging Strike
0-2: Strikes out swinging
Batting: RHB Ryan French 0-0: Foul Ball, location: 2F
0-1: Swinging Strike
0-2: Ball
1-2: Ball
2-2: Strikes out swinging
Bottom of the 8th over - 0 runs, 0 hits, 0 errors, 0 left on base; Tacoma 6 - Marquette 9
TOP OF THE 9TH
Tacoma Fur Traders batting - Pitching for Marquette Miners : LHP Jet Toner
Pitching: RHP Shawn Stevenson
Batting: RHB Bill Perkins 0-0: Swinging Strike
0-1: Ball
1-1: Foul Ball, location: 2F
1-2: Strikes out swinging
Batting: RHB Robin Colwill 0-0: Ball
1-0: Ball
2-0: Called Strike
2-1: Fly out, F8 (Line Drive, 8LD)
Batting: RHB Michael Palledorous 0-0: Called Strike
0-1: Ball
1-1: Ground out 6-3 (Groundball, 6)
Top of the 9th over - 0 runs, 0 hits, 0 errors, 0 left on base; Tacoma 6 - Marquette 9
Friday, March 29th, 2019 - OOTP Baseball 18.8 Build 76